 Dungeon Crawl Stone Soup version 0.28-a0-657-g71136c5590 (webtiles) character file.

Game seed: 2450432623172805181

48 demibob the Chopper (level 3, -24/31 HPs)
             Began as a Minotaur Fighter on Oct 14, 2021.
             Blown up by Ijyb (27 damage)
             ... with a mindburst bolt
             ... on level 3 of the Dungeon.
             The game lasted 00:03:16 (1964 turns).

demibob the Chopper (Minotaur Fighter)              Turns: 1964, Time: 00:03:17

Health: -24/31     AC:  6    Str: 20    XL:     3   Next: 50%
Magic:  2/2        EV:  9    Int:  6    God:
Gold:   28         SH:  0    Dex:  9    Spells: 2/2 levels left

rFire   . . .      SeeInvis .   a - +0 war axe
rCold   . . .      Faith    .   (no shield)
rNeg    . . .      Spirit   .   b - +0 scale mail
rPois   +          Reflect  .   (helmet restricted)
rElec   .          Harm     .   (no cloak)
rCorr   .          Rampage  .   (no gloves)
Will    .....                   (no boots)
Stlth   ..........              (no amulet)
HPRegen 0.10/turn               P - ring of poison resistance
MPRegen 0.08/turn               (no ring)

@: mighty
A: horns 2, retaliatory headbutt
a: no special abilities


You were on level 3 of the Dungeon.
You visited 1 branch of the dungeon, and saw 3 of its levels.

You collected 108 gold pieces.
You spent 80 gold pieces at shops.


Innate Abilities, Weirdness & Mutations

You have a pair of horns on your head.
You reflexively headbutt those who attack you in melee.


   Skills:
 - Level 3.6 Fighting
 + Level 4.7 Axes
 - Level 3.6 Armour
 - Level 3.6 Shields
 + Level 0.2 Evocations


You had 2 spell levels left.
You didn't know any spells.
Your spell library contained the following spells:

 Spells                   Type           Power      Damage    Failure   Level
 Summon Small Mammal      Summ           0%         N/A       80%         1
 Call Canine Familiar     Summ           0%         N/A       99%         3
 Summon Guardian Golem    Hex/Summ       0%         N/A       99%         3

Inventory:

Hand Weapons
 a - a +0 war axe (weapon)
Missiles
 h - 2 curare-tipped darts (quivered) {=f}
Armour
 b - a +0 scale mail (worn)
Jewellery
 i - an amulet of faith {!P}
 F - a ring of fire
 N - a ring of positive energy
 P - a ring of poison resistance (left hand)
Wands
 g - a wand of iceblast (6)
 j - a wand of flame (14)
Scrolls
 c - a scroll of teleportation {unknown}
 f - a scroll of fear {unknown}
Potions
 e - a potion of brilliance

Dungeon Overview and Level Annotations

Branches:
Dungeon (3/15)

Altars:

Shops:
D:2 *

Annotations:
D:3 Ijyb

############
..........>#####.#
#####.@#...†....#
#.g#.########
#..#.# ######
#..#.# #..†..
#..#.# ###.####
#..#.# #.......
#..#.# #.#.####
#..#.# #.#.#
#..#.# #.#.#


You could see Ijyb.


Message History

You slash the frilled lizard!
You kill the frilled lizard!
No target in view!
Found a stone staircase leading down.
A ball python comes into view.
The ball python hisses angrily.
A ball python is nearby!
The ball python bites you but does no damage.
The ball python grabs you. The ball python constricts you.
You completely miss the ball python. The ball python bites you.
The ball python constricts you.
You barely miss the ball python.
The ball python bites you but does no damage.
The ball python constricts you. The ball python barely misses you.
You furiously retaliate!
You headbutt the ball python!
You kill the ball python!
No target in view!
HP restored.
There is a stone staircase leading down here.
Ijyb the Twisted Goblin comes into view.
She is wielding a +0 dagger and carrying a wand of mindburst (15).
Ijyb shouts!
Ijyb screams, "Get away!"
There's nothing to close nearby.
Ijyb zaps a wand.
Your mind is blasted!
Ouch! That really hurt!
* * * LOW HITPOINT WARNING * * *
You feel very mighty all of a sudden.
Ijyb zaps a wand.
Your mind is blasted!
Ouch! That really hurt!
You die...

Skill      XL: |  1  2 |
---------------+-------+-----
Axes           | 3 4 |  4.7
Fighting       | |  3.6
Armour         | |  3.6
Shields        | |  3.6
Evocations     | |  0.2

Action                   || total
-------------------------++-------
Melee: War axe           ||    71
       Headbutt          ||    10
  Use: Scroll            ||     3
       Potion            ||     1
Armor: Scale mail        ||    33
Dodge: Dodged            ||    36

Levels and vault maps discovered:
D:1:      dpeg_chamrin_arrival_tetris, layout_basic
D:2:      layout_loops_ring, basic_ecumenical_altar, serial_shops, shop
D:3:      layout_basic, serial_shops, shop, uniq_natasha, uniq_ijyb,
          uniq_crazy_yiuf_cottage, uniq_grinder

Notes
Turn   | Place    | Note
-------+----------+-------------------------------------------
     0 | D:1      | demibob the Minotaur Fighter began the quest for the Orb.
     0 | D:1      | Reached XP level 1. HP: 19/19 MP: 0/0
   332 | D:1      | Reached skill level 3 in Axes
   343 | D:1      | Reached XP level 2. HP: 26/26 MP: 1/1
   574 | D:1      | Reached skill level 4 in Axes
   993 | D:2      | Reached XP level 3. HP: 24/31 MP: 2/2
  1220 | D:2      | Found Qooczic's Assorted Antiques.
  1225 | D:2      | Bought a fluorescent wand for 80 gold pieces
  1330 | D:2      | Found a faded altar of an unknown god.
  1962 | D:3      | Noticed Ijyb
  1963 | D:3      | HP: 3/31 [disintegration (28)]
  1964 | D:3      | Blown up by Ijyb

Vanquished Creatures
  An adder (D:2)
  2 dart slugs
  6 ball pythons
  2 bats
  5 endoplasms
  A giant cockroach (D:2)
  A goblin (D:3)
  3 hobgoblins
  3 jackals (D:1)
  A quokka (D:1)
  A frilled lizard (D:3)
  3 kobolds
  3 rats
32 creatures vanquished.

Table legend: (Time is in decaauts)
 A = Elapsed time spent in this place.
 B = Non-inter-level travel time spent in this place.
 C = Inter-level travel time spent in this place.
 D = Time resting spent in this place.
 E = Time spent auto-exploring this place.
 F = Levels seen in this place.
 G = Mean time per level.
                   A        B        C        D        E       F      G
               +--------+--------+--------+--------+--------+-----+--------+
         Total |   1986 |   1878 |    108 |      0 |   1634 |   3 |  662.0 |
       Dungeon |   1986 |   1878 |    108 |      0 |   1634 |   3 |  662.0 |
               +--------+--------+--------+--------+--------+-----+--------+

Top non-repeatable levels by time:
     D:1: 893 daAuts
     D:2: 792 daAuts
     D:3: 300 daAuts

Table legend:
 A = Non-vault XP
 B = Vault XP
 C = Vault XP percentage of total XP
 D = Non-vault monster count
 E = Vault monster count
 F = Vault count percentage of total count
                 A         B        C        D         E       F
            +---------+---------+-------+---------+---------+-------
      Total |      69 |       0 |   0.0 |      32 |       0 |   0.0
            +---------+---------+-------+---------+---------+-------
        D:1 |      32 |       0 |   0.0 |      18 |       0 |   0.0
        D:2 |      33 |       0 |   0.0 |      11 |       0 |   0.0
        D:3 |       4 |       0 |   0.0 |       3 |       0 |   0.0
            +---------+---------+-------+---------+---------+-------
